 Dungeon Crawl Stone Soup version 0.31-a0-234-gad7ace16ef (webtiles) character file.

Game seed: 3333475259681621368

285 qw the Shooter (level 6, 0/51 HPs)
             Began as a Minotaur Hexslinger on July 9, 2023.
             Was an Initiate of Okawaru.
             Slain by a quasit (1 damage)
             ... summoned by Eustachio
             ... on level 4 of the Dungeon.
             The game lasted 00:01:14 (2884 turns).

qw the Shooter (Minotaur Hexslinger)                Turns: 2884, Time: 00:01:15

Health: 0/51       AC:  6    Str: 12      XL:     6   Next: 7%
Magic:  6/6        EV: 10    Int: 10      God:    Okawaru [......]
Gold:   29         SH:  0    Dex: 11 (15) Spells: 6/7 levels left

rFire   . . .        Y - +1 sling
rCold   . . .        (no shield)
rNeg    . . .        f - +0 ring mail
rPois   .            (helmet restricted)
rElec   .            e - +0 cloak
rCorr   .            (no gloves)
SInv    .            (no boots)
Will    .....        (no amulet)
Stlth   +            (no ring)
HPRegen 0.28/turn    (no ring)
MPRegen 0.10/turn

%: no passive effects
@: no status effects
A: horns 2, retaliatory headbutt
a: Renounce Religion


You were on level 4 of the Dungeon.
You worshipped Okawaru.
Okawaru was noncommittal.
You visited 1 branch of the dungeon, and saw 4 of its levels.

You collected 135 gold pieces.
You spent 106 gold pieces at shops.


Innate Abilities, Weirdness & Mutations

You have a pair of horns on your head.
You reflexively headbutt those who attack you in melee.


   Skills:
 + Level 3.5 Fighting
 - Level 6.1 Ranged Weapons
 - Level 1.2 Armour
 - Level 2.1 Dodging
 - Level 1.0 Spellcasting
 - Level 2.0 Hexes


You had 6 spell levels left.
You knew the following spells:

 Your Spells              Type           Power      Damage    Failure   Level
a - Slow                  Hex            16%        N/A       34%         1

Your spell library contained the following spells:

 Spells                   Type           Power      Damage    Failure   Level
 Inner Flame              Hex/Fire       2%         N/A       83%         3
 Portal Projectile        Hex/Tloc       4%         N/A       83%         3
 Cause Fear               Hex            2%         N/A       98%         4

Inventory:

Hand Weapons
 Y - a +1 sling (weapon)
Armour
 e - a +0 cloak (worn)
 f - a +0 ring mail (worn)
Scrolls
 c - a scroll of brand weapon {unknown}
 i - a scroll of identify
Potions
 a - a potion of mutation {unknown}
 b - a potion of resistance {unknown}
 d - a potion of might {unknown}
 g - a potion of magic {unknown}
 h - a potion of haste {unknown}

Dungeon Overview and Level Annotations

Branches:
Dungeon (4/15)
 Temple: D:4-7

Altars:
Okawaru
Qazlal
Wu Jian

Shops:
D:4 *

Annotations:
D:4 Eustachio


Message History

The river rat's corpse disappears in a puff of smoke!
The river rat bites you. The crimson imp barely misses you.
You shoot a sling bullet.
The sling bullet closely misses the quasit.
The quasit bites you but does no damage.
The quasit claws you but does no damage. x2
The quasit barely misses you.
The quasit claws you but does no damage. x2
Eustachio says, "Summoning is fun!"
The river rat twitches its whiskers.
The river rat bites you!
The quasit bites you but does no damage.
The quasit claws you but does no damage. x2
The quasit bites you but does no damage.
The quasit claws you but does no damage. x2
The crimson imp hits you. Eustachio hits you with a +0 rapier.
You shoot a sling bullet.
The sling bullet closely misses the quasit.
The quasit bites you but does no damage.
The quasit closely misses you. x2; The quasit completely misses you.
The quasit claws you. x2; The river rat barely misses you.
The crimson imp hits you. Eustachio hits you with a +0 rapier.
The quasit bites you but does no damage.
The quasit barely misses you.
The quasit claws you but does no damage.
The quasit barely misses you.
The quasit claws you but does no damage.
The quasit misses you. The river rat bites you.
You shoot a sling bullet. The sling bullet misses the quasit.
The quasit bites you but does no damage.
The quasit claws you but does no damage. x2
The quasit closely misses you.
The quasit claws you but does no damage. x2
The crimson imp barely misses you.
Eustachio gestures wildly while chanting.
Eustachio blinks!
The river rat bites you but does no damage.
The quasit bites you but does no damage.
The quasit claws you.
You die...

.......(....#........##
###...........\.......#
###%............##...#
#..<.#...........#...#
#...........####......#
.............#.#......#.
..#.....................
###............r55......
.............#@r...@..
...#.........b5##......
... ........... ......
.#...... ...... #......
...... ....... .....
.#..... ...# ......


You could see Eustachio, 2 quasits, a crimson imp (summoned), 2 river rats and a
bat (summoned).

Vanquished Creatures
  A black bear (D:3)
  An iguana (D:4)
  4 gnolls (D:3)
  5 adders
  4 dart slugs
  An orc (D:3)
  4 endoplasms
  5 giant cockroaches
  7 hobgoblins
  8 jackals
  A quokka (D:3)
  A ball python (D:3)
  9 bats
  5 frilled lizards
  9 goblins
  5 kobolds
  7 rats (D:1)
77 creatures vanquished.

Notes
Turn   | Place    | Note
-------+----------+-------------------------------------------
     0 | D:1      | qw the Minotaur Hexslinger began the quest for the Orb.
     0 | D:1      | Reached XP level 1. HP: 16/16 MP: 1/1
     0 | D:1      | 0 ||| qw: Version: 0.3-a-51-g015441d
     0 | D:1      | 0 ||| qw: Game counter: 4243
     0 | D:1      | 0 ||| qw: Melee chars always use a shield: true
     0 | D:1      | 0 ||| qw: God list: Okawaru
     0 | D:1      | 0 ||| qw: Allow faded altars: false
     0 | D:1      | 0 ||| qw: Do Orc after clearing Dungeon:15 true
     0 | D:1      | 0 ||| qw: Do second Lair branch before Depths: true
     0 | D:1      | 0 ||| qw: Lair rune preference: random
     0 | D:1      | 0 ||| qw: Goals: Normal
     0 | D:1      | 0 ||| PLANNING D:1-11
   235 | D:1      | Reached skill level 3 in Ranged Weapons
   239 | D:1      | Reached XP level 2. HP: 23/23 MP: 2/2
   584 | D:1      | Reached XP level 3. HP: 29/29 MP: 3/3
   943 | D:1      | 943 ||| UPGRADING to +0 cloak.
   948 | D:1      | 948 ||| READING scroll labelled GESSER RUQO.
   949 | D:1      | 949 ||| READING scroll labelled ETZOHI VEIMYIT.
   950 | D:1      | 950 ||| DRINKING 2 sedimented orange potions.
   951 | D:1      | 951 ||| DROPPING scroll of poison.
  1047 | D:2      | Reached skill level 4 in Ranged Weapons
  1379 | D:2      | 1379 ||| READING scroll labelled XILOUQ RELE.
  1380 | D:2      | 1380 ||| FLEEEEING.
  1382 | D:2      | 1382 ||| FLEEEEING.
  1383 | D:2      | 1383 ||| FLEEEEING.
  1384 | D:2      | 1384 ||| FLEEEEING.
  1389 | D:2      | 1389 ||| FLEEEEING.
  1390 | D:2      | 1390 ||| FLEEEEING.
  1391 | D:2      | 1391 ||| FLEEEEING.
  1392 | D:2      | 1392 ||| FLEEEEING.
  1393 | D:2      | 1393 ||| FLEEEEING.
  1398 | D:2      | 1398 ||| FLEEEEING.
  1399 | D:2      | 1399 ||| FLEEEEING.
  1402 | D:2      | 1402 ||| FLEEEEING.
  1403 | D:2      | 1403 ||| FLEEEEING.
  1404 | D:2      | 1404 ||| FLEEEEING.
  1405 | D:2      | 1405 ||| FLEEEEING.
  1406 | D:2      | 1406 ||| STAIRDANCE
  1508 | D:1      | 1508 ||| READING scroll labelled WITZYJ WOLANK.
  1509 | D:1      | 1509 ||| READING scroll labelled QUSUCAN OTUH.
  1712 | D:3      | Reached XP level 4. HP: 36/36 MP: 4/4
  2038 | D:3      | Found an iron altar of Okawaru.
  2038 | D:3      | Found a stormy altar of Qazlal.
  2039 | D:3      | 2039 ||| PLANNING OKAWARU WORSHIP
  2040 | D:3      | 2040 ||| UPGRADING to +0 ring mail.
  2050 | D:3      | 2050 ||| DROPPING +0 robe.
  2055 | D:3      | Became a worshipper of Warmaster Okawaru
  2056 | D:3      | 2056 ||| PLANNING D:1-11
  2078 | D:3      | Found an ornate altar of the Wu Jian Council.
  2108 | D:3      | Identified the +8 dagger of the Sea {protect, rElec Str+4}
  2190 | D:3      | Reached skill level 1 in Armour
  2241 | D:3      | Reached skill level 5 in Ranged Weapons
  2242 | D:3      | HP: 9/36 [gnoll/+0 spear (3)]
  2243 | D:3      | 2243 ||| DRINKING potion of heal wounds.
  2252 | D:3      | Reached XP level 5. HP: 16/42 MP: 5/5
  2254 | D:3      | HP: 8/42 [gnoll/+0 spear (3)]
  2484 | D:3      | Reached skill level 3 in Fighting
  2507 | D:3      | Noticed a black bear
  2525 | D:3      | Killed a black bear
  2526 | D:3      | Reached skill level 6 in Ranged Weapons
  2809 | D:3      | 2809 ||| READING scroll labelled NAMUIGR SEAZ.
  2834 | D:4      | Reached XP level 6. HP: 51/51 MP: 6/6
  2851 | D:4      | Found Pelox's Assorted Antiques.
  2856 | D:4      | Noticed Eustachio
  2857 | D:4      | 2857 ||| BUYING amethyst potion (25 gold).
  2857 | D:4      | Bought an amethyst potion for 25 gold pieces
  2857 | D:4      | 2857 ||| BUYING fuming emerald potion (25 gold).
  2857 | D:4      | Bought a fuming emerald potion for 25 gold pieces
  2857 | D:4      | 2857 ||| SHOPLISTING glass wand (112 gold, have 85).
  2857 | D:4      | 2857 ||| SHOPLISTING peridot ring (140 gold, have 85).
  2857 | D:4      | 2857 ||| BUYING scroll of identify (56 gold).
  2857 | D:4      | Bought a scroll of identify for 56 gold pieces
  2882 | D:4      | HP: 10/51 [Eustachio/+0 rapier (5)]
  2883 | D:4      | HP: 1/51 [river rat[Eustachio] (4)]
  2884 | D:4      | Slain by a quasit

Levels and vault maps discovered:
D:1:      roderic_crossed_star, layout_loops_corners
D:2:      layout_rooms, kennysheep_nub, nicolae_kite_square_tiling_tiny,
          minmay_misc_feat_four_crosses, minmay_hedge_maze
D:3:      layout_basic, mainiacjoe_overflow_six_doors_small,
          gammafunk_temple_overflow_statue
D:4:      layout_cave_pools, mainiacjoe_overflow_boulevard, serial_shops, shop,
          uniq_eustachio

Skill      XL: |  1  2  3  4  5 |
---------------+----------------+-----
Ranged Weapons | 3 4 5 6 |  6.1
Fighting       | 2 3 |  3.5
Armour         | 1 |  1.2
Dodging        | |  2.1
Spellcasting   | |  1.0
Hexes          | |  2.0

Action                     |  1- 3 |  4- 6 || total
---------------------------+-------+-------++-------
   Fire: Sling             |   144 |   129 ||   273
    Use: Scroll            |     5 |     1 ||     6
         Potion            |     1 |     1 ||     2
 Armour: Robe              |    10 |     3 ||    13
         Ring mail         |       |    85 ||    85
  Dodge: Dodged            |    45 |   113 ||   158

Table legend:
 A = Non-vault XP
 B = Vault XP
 C = Vault XP percentage of total XP
 D = Non-vault monster count
 E = Vault monster count
 F = Vault count percentage of total count
                 A         B        C        D         E       F
            +---------+---------+-------+---------+---------+-------
      Total |     408 |       0 |   0.0 |      77 |       0 |   0.0
            +---------+---------+-------+---------+---------+-------
        D:1 |      49 |       0 |   0.0 |      30 |       0 |   0.0
        D:2 |      47 |       0 |   0.0 |      19 |       0 |   0.0
        D:3 |     275 |       0 |   0.0 |      27 |       0 |   0.0
        D:4 |      37 |       0 |   0.0 |       1 |       0 |   0.0
            +---------+---------+-------+---------+---------+-------
